 Dungeon Crawl Stone Soup version 0.20.1-1-g8b1a95d (webtiles) character file.

24223 Mitsuki the Blocker (level 12, -2/112 HPs)
             Began as a Minotaur Fighter on Oct 15, 2017.
             Was a High Priest of Okawaru.
             Slain by a 12-headed hydra (4 damage)
             ... on level 3 of the Lair of Beasts on Oct 19, 2017.
             The game lasted 00:58:05 (18810 turns).

Mitsuki the Blocker (Minotaur Fighter)             Turns: 18810, Time: 00:58:06

Health: -2/112     AC: 30    Str: 24    XL:     12   Next: 78%
Magic:  17/17      EV:  4    Int:  7    God:    Okawaru [*****.]
Gold:   249        SH: 14    Dex: 14    Spells: 11/11 levels left

rFire    + . .     SeeInvis .   m - +5 scimitar of Zigi Qom {slice, Dex+2}
rCold    + + .     Gourm    .   c - +1 shield
rNeg     + . .     Faith    .   x - +3 crystal plate armour {rC+}
rPois    +         Spirit   .   b - +1 hat
rElec    +         Reflect  .   g - +0 cloak
rCorr    .         Harm     .   I - +0 pair of gloves
MR       .....     Rnd*Rage +   L - +0 pair of boots
Stlth    ..........             (no amulet)
Regen    0.3/turn               p - ring of protection from fire
MPRegen  0.2/turn               H - ring of positive energy

@: berserk cooldown, slowed, very slow
A: retaliatory headbutt, horns 2, berserk 2, clever 1, cold resistance 1, poison
resistance, electricity resistance
a: Heroism, Finesse, Renounce Religion


You were on level 3 of the Lair of Beasts.
You worshipped Okawaru.
Okawaru was extremely pleased with you.
You were not hungry.

You visited 3 branches of the dungeon, and saw 15 of its levels.
You also visited: Ice Cave.

You collected 713 gold pieces.
You spent 464 gold pieces at shops.

Inventory:

Hand Weapons
 m - the +5 scimitar of Zigi Qom (weapon) {slice, Dex+2}
   (You bought it in a shop on level 10 of the Dungeon)

   It inflicts extra damage upon your enemies.
   It affects your dexterity (+2).
Armour
 b - a +1 hat (worn)
 c - a +1 shield (worn)
 g - a +0 cloak (worn)
 x - a +3 crystal plate armour of cold resistance (worn)
 I - a +0 pair of gloves (worn)
 L - a +0 pair of boots (worn)
Jewellery
 p - a ring of protection from fire (left hand)
 C - an uncursed ring of resist corrosion
 H - a ring of positive energy (right hand)
Wands
 E - a wand of lightning (5/15)
Scrolls
 e - a scroll of fear {unknown}
 i - 9 scrolls of teleportation
 l - 2 scrolls of blinking {unknown}
 o - 3 scrolls of amnesia {unknown}
 s - a scroll of magic mapping
 t - a scroll of enchant weapon {unknown}
 v - a scroll of noise {unknown}
 y - 4 scrolls of fog
 F - 2 scrolls of immolation {unknown}
 G - 2 scrolls of recharging {unknown}
Potions
 a - 2 potions of flight
 d - a potion of might
 j - 10 potions of curing
 k - a potion of berserk rage
 D - 3 potions of heal wounds
 U - a potion of invisibility
 Z - a potion of haste
Miscellaneous
 z - a lamp of fire
 V - a box of beasts
Comestibles
 f - 10 bread rations
 h - 4 chunks of flesh
 r - 15 fruits
 u - 2 royal jellies
 J - a meat ration


   Skills:
 + Level 12.1 Fighting
 + Level 11.7 Long Blades
 + Level 11.8 Armour
 + Level 12.1 Shields
 - Level 8.1 Invocations
 - Level 5.0 Evocations


You had 11 spell levels left.
You didn't know any spells.

Dungeon Overview and Level Annotations

Branches:
Dungeon (11/15)            Temple (1/1) D:4            Lair (3/6) D:11
    Orc (0/2) D:11
  Swamp: Lair:2-4    Shoals: Lair:2-4     Snake: Lair:2-4    Spider: Lair:2-4

Altars:
Ashenzari
Cheibriados
Dithmenos
Elyvilon
Fedhas
Gozag
Hepliaklqana
Kikubaaqudgha
Makhleb
Nemelex Xobeh
Okawaru
Qazlal
Ru
Sif Muna
Trog
Uskayaw
Vehumet
Xom
Yredelemnul
Zin
The Shining One

Shops:
D:10 (


Innate Abilities, Weirdness & Mutations

You reflexively headbutt those who attack you in melee.
You have a pair of horns on your head.
You often lose your temper in combat.
Your mind is acute. (Int +2)
Your flesh is cold resistant. (rC+)
Your system is resistant to poisons. (rPois)
You are resistant to electric shocks. (rElec)


Message History

You block the 12-headed hydra's attack. x2
The 12-headed hydra bites you but does no damage. x2
You block the 12-headed hydra's attack. The 12-headed hydra bites you.
* * * LOW HITPOINT WARNING * * *
The 12-headed hydra bites you but does no damage. x2
The 12-headed hydra barely misses you.
The 12-headed hydra bites you but does no damage. x2
You take 4 damage, and have 8/112 hp.
Okay, then.
Okay, then.
Evoke which item? (* to show all) (? for menu, Esc to quit)
You open the lid... ...and a larval weirdox beast leaps out!
You block the 12-headed hydra's attack. x2; The 12-headed hydra bites you.
* * * LOW HITPOINT WARNING * * *
The 12-headed hydra bites you.
* * * LOW HITPOINT WARNING * * *
The 12-headed hydra bites you but does no damage. x2
You block the 12-headed hydra's attack. x3; The 12-headed hydra bites you.
You die...

#.P...## #
#....####.#
#.........#
#<<.##.#..#
#...#.##.##
#........#
##....†.#.#
##.##......#
#.....@....##
#......D....#
.....H..r..P.#
.............#
..............#
.............#.#
..#.#.....#...##
......(..###....
..P...... ....#


You could see a 12-headed hydra, a hell rat and a friendly larval weirdox beast.

Vanquished Creatures
  A reaper (IceCv)
  The ghost of Silverhawk the Cleaver, a novice MiBe of Trog (D:9)
  3 two-headed ogres
  Urug (D:11)
  An unseen horror (D:11)
  Pikel (D:6)
  An oklob plant (Lair:1)
  An ugly thing (D:6)
  A salamander (Lair:2)
  3 elephants (Lair:2)
  A black mamba (Lair:1)
  A molten gargoyle (Lair:2)
  2 ice statues (IceCv)
  3 spiny frogs
  3 komodo dragons
  8 ice devils (IceCv)
  4 trolls
  Grinder (D:4)
  3 hippogriffs
  Sigmund (D:6)
  6 yaks (D:10)
  A wyvern (D:11)
  A basilisk (Lair:2)
  A hungry ghost (D:10)
  2 hell hounds (D:11)
  5 water moccasins
  6 porcupines
  5 orc warriors
  7 ice beasts
  A black bear (D:11)
  A necrophage (D:9)
  6 sky beasts
  2 eyes of draining
  7 ogres
  A phantom (D:8)
  A centaur (D:11)
  7 crocodiles
  3 big kobolds
  10 bullfrogs
  8 scorpions
  10 killer bees (D:10)
  11 wights
  3 howler monkeys
  8 crimson imps
  2 jellies
  3 bullfrog skeletons
  7 hounds
  8 orc priests
  3 bullfrog zombies
  7 iguanas
  8 orc wizards
  6 centaur skeletons
  9 worker ants
  A killer bee zombie (D:7)
  11 gnolls
  3 worker ant zombies
  16 adders
  2 shadow imps
  8 white imps (IceCv)
  8 ufetubi (IceCv)
  3 oozes
  2 worms (D:3)
  3 dart slugs
  8 leopard geckos
  39 orcs
  3 bats
  7 giant cockroaches
  8 goblins
  3 hobgoblins
  16 jackals
  19 kobolds
  4 quokkas
  6 frilled lizards
  A leopard gecko skeleton (D:8)
  7 rats
  13 bushes (Lair:1)
  6 fungi (Lair:1)
  22 plants (Lair:1)
426 creatures vanquished.

Vanquished Creatures (others)
  2 white imps (IceCv)
  2 ufetubi (IceCv)
  An adder skeleton (D:6)
  An orc (D:6)
  A giant cockroach (D:6)
  3 jackals (D:6)
  A bat (D:2)
  2 fungi (Lair:1)
13 creatures vanquished.

Grand Total: 439 creatures vanquished

Notes
Turn   | Place    | Note
-------+----------+-------------------------------------------
     0 | D:1      | Mitsuki the Minotaur Fighter began the quest for the Orb.
     0 | D:1      | Reached XP level 1. HP: 19/19 MP: 0/0
   276 | D:1      | Reached XP level 2. HP: 27/27 MP: 1/1
   644 | D:1      | Reached XP level 3. HP: 33/33 MP: 2/2
  1242 | D:2      | Found a radiant altar of Vehumet.
  1384 | D:2      | Reached XP level 4. HP: 19/40 MP: 3/3
  1655 | D:3      | Found a basalt altar of Yredelemnul.
  2242 | D:4      | Reached skill level 5 in Shields
  2252 | D:3      | Reached XP level 5. HP: 36/47 MP: 4/4
  2493 | D:4      | Noticed Grinder
  2493 | D:4      | Reached skill level 5 in Fighting
  2506 | D:4      | Killed Grinder
  2506 | D:4      | Reached skill level 5 in Armour
  2506 | D:4      | Reached XP level 6. HP: 33/56 MP: 5/5
  2876 | D:4      | Reached skill level 5 in Long Blades
  2876 | D:4      | Reached XP level 7. HP: 51/61 MP: 6/6
  3153 | D:4      | Found a staircase to the Ecumenical Temple.
  3162 | Temple   | Entered the Ecumenical Temple
  3524 | D:3      | HP: 3/63 [orc warrior/battleaxe (20)]
  3961 | D:5      | Entered Level 5 of the Dungeon
  4271 | D:5      | Reached XP level 8. HP: 71/71 MP: 7/7
  4319 | D:5      | Gained mutation: You are clumsy. (Dex -2) [mutagenic meat]
  4320 | D:5      | Gained mutation: You are robust. (+10% HP) [mutagenic meat]
  4321 | D:5      | Gained mutation: Your mind is acute. (Int +2) [mutagenic meat]
  4322 | D:5      | Gained mutation: You are partially covered in iridescent scales. (AC +2) [mutagenic meat]
  4324 | D:5      | Gained mutation: Your spells are a little easier to cast, but a little less powerful. [mutagenic meat]
  4591 | D:5      | Gained mutation: You have large cloven feet. [mutagenic meat]
  4592 | D:5      | Lost mutation: You have large cloven feet. [mutagenic meat]
  4593 | D:5      | Gained mutation: You are resistant to electric shocks. (rElec) [mutagenic meat]
  4594 | D:5      | Gained mutation: You are resistant to hostile enchantments. (MR+) [mutagenic meat]
  4595 | D:5      | Gained mutation: You tend to lose your temper in combat. [mutagenic meat]
  5926 | D:5      | Reached XP level 9. HP: 89/89 MP: 8/8
  6219 | D:6      | Found a hazy altar of Hepliaklqana.
  6325 | D:6      | Noticed Pikel
  6338 | D:6      | Killed Pikel
  6384 | D:6      | Noticed a brown ugly thing
  6407 | D:6      | Killed a brown ugly thing
  6999 | D:6      | Noticed Sigmund
  7014 | D:6      | Killed Sigmund
  7489 | D:6      | Found an iron altar of Okawaru.
  7977 | D:7      | Found a burning altar of Makhleb.
  7978 | D:7      | Found a hide-covered altar of Uskayaw.
  7979 | D:7      | Found an opulent altar of Gozag.
  8095 | D:7      | Found a stormy altar of Qazlal.
  8410 | D:7      | Reached XP level 10. HP: 89/100 MP: 9/9
  8501 | D:7      | Found a shattered altar of Ashenzari.
  9004 | D:6      | Became a worshipper of Warmaster Okawaru
  9429 | D:8      | Reached skill level 10 in Shields
  9456 | D:8      | Noticed a two-headed ogre
  9469 | D:8      | Killed a two-headed ogre
  9846 | D:8      | Reached skill level 10 in Fighting
  9856 | D:8      | Reached * piety under Okawaru
  9908 | D:8      | Gained mutation: Armour fits poorly on your strangely shaped body. [mutagenic meat]
  9910 | D:8      | Gained mutation: You often lose your temper in combat. [mutagenic meat]
 10105 | D:8      | Reached skill level 1 in Invocations
 10325 | D:9      | Noticed Silverhawk's ghost (novice MiBe)
 10541 | D:8      | Reached skill level 10 in Armour
 10541 | D:8      | Reached skill level 1 in Evocations
 10748 | D:9      | Got an emerald-encrusted scale mail
 10887 | D:9      | Killed Silverhawk's ghost
 10887 | D:9      | Reached ** piety under Okawaru
 11242 | D:9      | Found a shadowy altar of Dithmenos.
 11253 | D:9      | Reached skill level 10 in Long Blades
 11444 | D:10     | Entered Level 10 of the Dungeon
 11451 | D:10     | Found Zyokut's Weapon Shop.
 11468 | D:10     | Identified the cursed +0 scale mail of Hairiness {rElec rN+ MR+ Stlth-} (You took it off an orc on level 9 of the Dungeon)
 11476 | D:10     | Bought the +5 scimitar of Zigi Qom {slice, Dex+2} for 464 gold pieces
 11531 | D:10     | Gained mutation: You evolve. [mutagenic meat]
 11534 | D:10     | Lost mutation: You are robust. (+10% HP) [mutagenic meat]
 11535 | D:10     | Gained mutation: Your system is resistant to poisons. (rPois) [mutagenic meat]
 11622 | D:10     | Noticed a two-headed ogre
 11628 | D:10     | Killed a two-headed ogre
 11628 | D:10     | Reached XP level 11. HP: 48/101 MP: 10/12
 11880 | D:10     | Reached *** piety under Okawaru
 11890 | D:10     | Lost mutation: You are clumsy. (Dex -2) [evolution]
 12121 | D:10     | Got a polished leather armour
 12841 | D:10     | Identified the cursed +0 leather armour of Mental Paralysis {rN+} (You found it on level 10 of the Dungeon)
 13010 | D:10     | Noticed a two-headed ogre
 13020 | D:10     | Killed a two-headed ogre
 13227 | D:11     | Reached **** piety under Okawaru
 13856 | D:11     | Killed an unseen horror
 13934 | D:11     | Noticed Urug
 13953 | D:11     | Killed Urug
 14361 | D:11     | Found a staircase to the Lair.
 14464 | D:11     | Got a heavily runed ring mail
 14475 | D:11     | Identified the +5 ring mail "Banuczax" {rC+ Dex+2} (You found it on level 11 of the Dungeon)
 14514 | D:11     | Found a staircase to the Orcish Mines.
 14525 | D:11     | Got a faintly glowing leather armour
 14764 | Lair:1   | Entered Level 1 of the Lair of Beasts
 14829 | Lair:1   | Identified the +2 leather armour "Bawkam" {rF- Str+4 Dex+5} (You found it on level 11 of the Dungeon)
 14877 | Lair:1   | Lost mutation: Your spells are a little easier to cast, but a little less powerful. [potion of mutation]
 14877 | Lair:1   | Lost mutation: Armour fits poorly on your strangely shaped body. [potion of mutation]
 14877 | Lair:1   | Lost mutation: You evolve. [potion of mutation]
 14877 | Lair:1   | Lost mutation: You are partially covered in iridescent scales. (AC +2) [potion of mutation]
 14877 | Lair:1   | Lost mutation: You are resistant to hostile enchantments. (MR+) [potion of mutation]
 14877 | Lair:1   | Lost mutation: Your system is resistant to poisons. (rPois) [potion of mutation]
 14877 | Lair:1   | Gained mutation: Your system is resistant to poisons. (rPois) [potion of mutation]
 14877 | Lair:1   | Gained mutation: Your flesh is cold resistant. (rC+) [potion of mutation]
 15004 | Lair:1   | Reached ***** piety under Okawaru
 15288 | Lair:1   | Reached XP level 12. HP: 98/110 MP: 14/14
 15582 | Lair:1   | Found a blossoming altar of Fedhas.
 16336 | Lair:1   | Reached skill level 5 in Invocations
 16469 | Lair:2   | Found a frozen archway.
 16479 | IceCv    | Entered an ice cave
 16726 | IceCv    | Received a gift from Okawaru
 16930 | IceCv    | Reached skill level 5 in Evocations
 17386 | IceCv    | Noticed a reaper
 17400 | IceCv    | Killed a reaper
 18797 | Lair:3   | Noticed an eight-headed hydra
 18810 | Lair:3   | HP: 3/112 [12-headed hydra (5)]
 18810 | Lair:3   | Slain by a 12-headed hydra

Skill      XL: |  1  2  3  4  5  6  7  8  9 10 11 12 |
---------------+-------------------------------------+-----
Shields        | 4 5 6 8 9 10 11 12 | 12.1
Fighting       | 4 5 6 7 9 10 11 12 | 12.1
Long Blades    | 3 4 5 6 7 9 10 11 | 11.7
Armour         | 4 5 6 7 9 10 11 | 11.8
Invocations    | 2 4 8 |  8.1
Evocations     | 2 4 5 |  5.0

Action                   |  1- 3 |  4- 6 |  7- 9 | 10-12 || total
-------------------------+-------+-------+-------+-------++-------
Melee: Long sword        |    82 |   109 |   414 |   272 ||   877
       Headbutt          |     5 |    23 |    79 |   309 ||   416
       Scimitar          |       |       |       |   807 ||   807
Throw: Tomahawk          |       |       |     2 |       ||     2
       Throwing net      |       |       |     1 |       ||     1
Invok: Heroism           |       |       |       |     7 ||     7
       Finesse           |       |       |       |     1 ||     1
Evoke: Box of beasts     |       |       |       |     1 ||     1
  Use: Potion            |       |       |     2 |     3 ||     5
       Scroll            |       |       |     3 |    15 ||    18
  Eat: Chunk             |     2 |     4 |    30 |    28 ||    64
       Meat ration       |       |       |       |     4 ||     4
Armor: Scale mail        |    50 |    42 |    73 |     2 ||   167
       Chain mail        |       |       |    51 |    63 ||   114
       Plate armour      |       |       |       |   196 ||   196
       Ring mail         |       |       |       |    45 ||    45
       Crystal plate arm |       |       |       |   110 ||   110
Dodge: Dodged            |    24 |    28 |    97 |   170 ||   319
Block: Shield            |    39 |    55 |   178 |   452 ||   724
       Rpst.: Long sword |     6 |     5 |    31 |    17 ||    59
       Scimitar          |       |       |       |    20 ||    20
